 Dungeon Crawl Stone Soup version 0.28-a0-851-g8b9cc49659 (webtiles) character file.

Game seed: 6540231708387797957

870 Crownlay the Magician (level 7, -2/50 HPs)
             Began as a White Draconian Conjurer on Nov 14, 2021.
             Slain by a troll (6 damage)
             ... on level 5 of the Dungeon.
             The game lasted 00:05:57 (6170 turns).

Crownlay the Magician (White Draconian Conjurer)    Turns: 6170, Time: 00:05:58

Health: -2/50      AC:  6    Str: 10    XL:     7   Next: 73%
Magic:  7/17       EV: 12    Int: 20    God:
Gold:   208        SH:  0    Dex:  9    Spells: 13/19 levels left

rFire   . . .      SeeInvis .   v - +2 whip (venom)
rCold   + . .      Faith    .   (no shield)
rNeg    . . .      Spirit   .   (armour unavailable)
rPois   .          Reflect  .   (helmet restricted)
rElec   .          Harm     .   (no cloak)
rCorr   .          Rampage  .   (no gloves)
Will    .....                   (no boots)
Stlth   ++........              (no amulet)
HPRegen 0.16/turn               r - ring of flight
MPRegen 0.15/turn               (no ring)

@: flying
A: breathe frost, AC +6, unfitting armour, cold resistance 1, cold-blooded
a: Breathe Frost


You were on level 5 of the Dungeon.
You visited 1 branch of the dungeon, and saw 5 of its levels.

You collected 208 gold pieces.

Inventory:

Hand Weapons
 v - a +2 whip of venom (weapon)
Jewellery
 l - a ring of ice
 r - a ring of flight (left hand)
Wands
 b - a wand of flame (13)
 t - a wand of polymorph (10)
Scrolls
 a - 3 scrolls of blinking {unknown}
 e - 3 scrolls of identify
 f - 3 scrolls of amnesia
 h - a scroll of brand weapon {unknown}
 m - 2 scrolls of magic mapping {unknown}
 n - a scroll of vulnerability {unknown}
 o - 2 scrolls of teleportation {unknown}
 q - a scroll of fog {unknown}
 u - a scroll of enchant armour {unknown}
Potions
 c - a potion of attraction {unknown}
 d - a potion of haste {unknown}
 g - 3 potions of flight
 i - a potion of ambrosia {unknown}
 j - 3 potions of curing
 k - a potion of heal wounds {unknown}
 p - a potion of magic {unknown}
 s - a potion of might {unknown}
 w - a potion of mutation {unknown}


   Skills:
 - Level 1.7 Dodging
 - Level 1.7 Stealth
 * Level 6.9 Spellcasting
 + Level 6.4 Conjurations


You had 13 spell levels left.
You knew the following spells:

 Your Spells              Type           Power      Damage    Failure   Level
a - Magic Dart            Conj           100%       1d8       1%          1
b - Searing Ray           Conj           64%        2d6       1%          2
c - Dazzling Flash        Conj/Hex       38%        N/A       8%          3

Your spell library contained the following spells:

 Spells                   Type           Power      Damage    Failure   Level
 Fulminant Prism          Conj/Hex       9%         3d7       26%         4
 Iskenderun's Mystic Bla  Conj/Tloc      19%        2d6       26%         4


Dungeon Overview and Level Annotations

Branches:
Dungeon (5/15)
 Temple: D:4-7

Altars:
Fedhas
Uskayaw
The Shining One


Innate Abilities, Weirdness & Mutations

You can breathe waves of freezing cold which knock back foes.
Your icy white scales are hard. (AC +6)
You cannot fit into any form of body armour.
Your flesh is cold resistant. (rC+)
You are cold-blooded and may be slowed by cold attacks.


Message History

The troll is moderately wounded.
A hound comes into view.
Casting: Magic Dart (safe; 1% risk of failure)
Confirm with . or Enter, or press ? or * to list all spells.
Aiming: Searing Ray (safe; 1% risk of failure)
Press: ? - help, Shift-Dir - straight line, f/p - troll
Aim: a troll (moderately wounded, 81% to hit)
The searing ray hits the troll.
The troll is moderately wounded. (Press . to maintain the ray.)
The hound barks!
The searing ray hits the troll.
The troll is heavily wounded.
The searing ray hits the troll.
The troll is heavily wounded.
The searing ray hits the hound.
The hound is heavily wounded.
The searing ray hits the troll!
The troll is severely wounded.
The searing ray hits the hound!
You kill the hound!
You finish channelling your searing ray.
The troll bites you but does no damage. The troll claws you.
The troll claws you!
Casting: Searing Ray (safe; 1% risk of failure)
Confirm with . or Enter, or press ? or * to list all spells.
Aiming: Searing Ray (safe; 1% risk of failure)
Press: ? - help, Shift-Dir - straight line, f/p - troll
Aim: a troll (severely wounded, 81% to hit)
The searing ray hits the troll.
The troll is severely wounded. (Press . to maintain the ray.)
The troll bites you! The troll claws you! The troll claws you.
* * * LOW HITPOINT WARNING * * *
The searing ray hits the troll!
The troll is almost dead.
The troll bites you!
* * * LOW HITPOINT WARNING * * *
The troll claws you.
You die...

############....................
##.........##........#######.#...
.#...).....##........#######.#...
.............................)>..
.#.........##........#########...
.#.........##........# ######....
.#...................# #.........
.....................# #.........
.##....###......@#######.........
.##....# #......T# #............#
###....# #.......# #............#
#....# #.......# #...........<.
#.... #.......# #............#
### ######..# #......###.#.# #..#
#......# #.#.# #..# ########
#.#.. #.###


You could see a troll.

Vanquished Creatures
  Sigmund (D:2)
  A steam dragon (D:3)
  An ogre (D:4)
  2 black bears
  An orc priest (D:4)
  A hound (D:5)
  A jelly (D:5)
  A bullfrog skeleton (D:3)
  An iguana (D:2)
  Robin (D:2)
  6 adders
  3 worms
  4 dart slugs
  5 orcs
  4 endoplasms
  3 giant cockroaches
  15 goblins
  8 hobgoblins
  4 jackals (D:1)
  8 kobolds
  A quokka (D:3)
  9 ball pythons
  2 ball python skeletons (D:3)
  3 bats (D:1)
  3 frilled lizards
  13 rats
102 creatures vanquished.

Vanquished Creatures (others)
  4 plants (D:3)
4 creatures vanquished.

Grand Total: 106 creatures vanquished

Notes
Turn   | Place    | Note
-------+----------+-------------------------------------------
     0 | D:1      | Crownlay the Draconian Conjurer began the quest for the
                  | Orb.
     0 | D:1      | Reached XP level 1. HP: 14/14 MP: 3/3
   305 | D:1      | Reached XP level 2. HP: 20/20 MP: 1/5
  1106 | D:1      | Reached XP level 3. HP: 23/26 MP: 0/7
  1283 | D:1      | Found a faded altar of an unknown god.
  1601 | D:1      | Learned a level 2 spell: Searing Ray
  1605 | D:1      | Learned a level 3 spell: Dazzling Flash
  1775 | D:2      | Reached XP level 4. HP: 31/33 MP: 2/9
  2796 | D:2      | Noticed Sigmund
  2804 | D:2      | Killed Sigmund
  2805 | D:2      | Reached skill level 5 in Spellcasting
  2805 | D:2      | Reached skill level 5 in Conjurations
  2805 | D:2      | Reached XP level 5. HP: 38/38 MP: 2/12
  2805 | D:2      | Reached XP level 6. HP: 45/45 MP: 2/13
  2831 | D:2      | Noticed Robin
  2908 | D:2      | Killed Robin
  3514 | D:3      | Noticed a steam dragon
  3522 | D:3      | Killed a steam dragon
  3804 | D:3      | Found a glowing golden altar of the Shining One.
  4734 | D:4      | Your scales start taking on an icy white colour.
  4734 | D:4      | Reached XP level 7. HP: 50/50 MP: 6/15
  4734 | D:4      | Gained mutation: Your flesh is cold resistant. (rC+) [White
                  | Draconian growth]
  5238 | D:4      | Found a blossoming altar of Fedhas.
  5708 | D:5      | Entered Level 5 of the Dungeon
  5767 | D:5      | Found a hide-covered altar of Uskayaw.
  6161 | D:5      | Noticed a troll
  6170 | D:5      | Slain by a troll

Illustrated notes

Levels and vault maps discovered:
D:1:      shiori_angband_town, layout_loops_ring, basic_ecumenical_altar,
          minmay_rat_gold_closets
D:2:      minmay_inner_zag, layout_basic, serial_forest,
          infiniplex_forest_end_3, infiniplex_forest_pool,
          infiniplex_forest_lined_corner, infiniplex_forest_lined_corner,
          infiniplex_forest_straight_2, infiniplex_forest_lined_2, uniq_robin,
          uniq_sigmund
D:3:      cheibrodos_old_hovel, layout_loops_corners, lemuel_tele_altar,
          minmay_fractal_squares_gapless_5
D:4:      layout_basic, fedhas_altar_fruit_tree
D:5:      layout_basic, mainiacjoe_overflow_alcove_2

Skill      XL: |  1  2  3  4  5  6  7 |
---------------+----------------------+-----
Spellcasting   | 3 5 6 |  6.9
Conjurations   | 5 6 |  6.4
Dodging        | |  1.7
Stealth        | |  1.7

Action                   |  1- 3 |  4- 6 |  7- 9 || total
-------------------------+-------+-------+-------++-------
Melee: Unarmed           |     7 |       |       ||     7
       Whip              |    10 |    26 |       ||    36
       Tailslap          |       |     2 |       ||     2
 Cast: Magic Dart        |    65 |    55 |    31 ||   151
       Searing Ray       |     3 |    16 |     6 ||    25
       Dazzling Flash    |     1 |       |       ||     1
 Abil: Breathe Frost     |       |       |     1 ||     1
  Use: Scroll            |       |       |     2 ||     2
Armor: Skin              |    21 |    24 |     3 ||    48
Dodge: Dodged            |    35 |    32 |     4 ||    71

Table legend: (Time is in decaauts)
 A = Elapsed time spent in this place.
 B = Non-inter-level travel time spent in this place.
 C = Inter-level travel time spent in this place.
 D = Time resting spent in this place.
 E = Time spent auto-exploring this place.
 F = Levels seen in this place.
 G = Mean time per level.
                   A        B        C        D        E       F      G
               +--------+--------+--------+--------+--------+-----+--------+
         Total |   6177 |   6030 |    147 |      0 |   5455 |   5 | 1235.4 |
       Dungeon |   6177 |   6030 |    147 |      0 |   5455 |   5 | 1235.4 |
               +--------+--------+--------+--------+--------+-----+--------+

Top non-repeatable levels by time:
     D:1: 1752 daAuts
     D:2: 1542 daAuts
     D:3: 1226 daAuts
     D:4: 1193 daAuts
     D:5: 461 daAuts
